 Dungeon Crawl Stone Soup version 0.30-b1-2-g02819fbbbe (webtiles) character file.

Game seed: 15088543784741157005

550 redmage the Chiller (level 7, -5/50 HPs)
             Began as a Meteoran Ice Elementalist on July 24, 2023.
             Was an Initiate of Cheibriados.
             Slain by a gnoll bouda
             ... wielding a +0 whip
              (7 damage)
             ... on level 6 of the Dungeon.
             The game lasted 00:14:12 (921 turns).

redmage the Chiller (Meteoran Ice Elementalist)      Turns: 921, Time: 00:14:13

Health: -5/50      AC: 12    Str: 10    XL:     7   Next: 84%
Magic:  1/16       EV: 12    Int: 19    God:    Cheibriados [......]
Gold:   171        SH:  0    Dex: 17    Spells: 4/17 levels left

rFire   + . .        i - +2 dagger (flame)
rCold   . . .        (no shield)
rNeg    . . .        l - +2 leather armour {rF+}
rPois   .            (no helmet)
rElec   .            (no cloak)
rCorr   .            m - +0 pair of gloves
SInv    .            k - +0 pair of boots
Will    .....        (no amulet)
Stlth   +            (no ring)
HPRegen 0.28/turn    (no ring)
MPRegen 0.15/turn

%: no passive effects
@: ice-armoured, weakened, freezing walls, glowing, very slow
A: sense surroundings 1, otherworldly, glowing, explore regen
a: Renounce Religion


You were on level 6 of the Dungeon.
You worshipped Cheibriados.
Cheibriados was noncommittal.
You visited 2 branches of the dungeon, and saw 8 of its levels.

You collected 171 gold pieces.

Inventory:

Hand Weapons
 i - a +2 dagger of flaming (weapon)
 j - a +0 halberd of flaming
Missiles
 f - 6 boomerangs (quivered)
 n - 7 poisoned darts
Armour
 k - a +0 pair of boots (worn)
 l - a +2 leather armour of fire resistance (worn)
 m - a +0 pair of gloves (worn)
Scrolls
 g - a scroll of teleportation {unknown}
 o - a scroll of magic mapping
Potions
 a - a potion of brilliance {unknown}
 b - a potion of magic
 c - a potion of ambrosia {unknown}
 d - 2 potions of lignification
 e - 2 potions of attraction {unknown}
 h - 4 potions of curing {unknown}


   Skills:
 - Level 2.5 Dodging
 - Level 1.4 Stealth
 + Level 1.0 Unarmed Combat
 + Level 5.5 Spellcasting
 * Level 1.7 Summonings
 + Level 1.0 Translocations
 + Level 7.6 Ice Magic
 + Level 1.1 Invocations


You had 4 spell levels left.
You knew the following spells:

 Your Spells              Type           Power      Damage    Failure   Level
a - Freeze                Ice            100%       1d10      1%          1
b - Frozen Ramparts       Ice            68%        1d11      1%          3
c - Ozocubu's Armour      Ice            34%        N/A       1%          3
d - Summon Ice Beast      Ice/Summ       23%        N/A       22%         4
e - Blink                 Tloc           18%        N/A       16%         2

Your spell library contained the following spells:

 Spells                   Type           Power      Damage    Failure   Level
 Lesser Beckoning         Tloc           18%        N/A       16%         2
 Momentum Strike          Conj/Tloc      14%        3d8       21%         2


Dungeon Overview and Level Annotations

Branches:
Dungeon (7/15) Zot: 5077   Temple (1/1) D:5 Zot: 817

Altars:
Cheibriados
Elyvilon
Makhleb
Sif Muna
Uskayaw
Vehumet
Yredelemnul
Zin
The Shining One

Shops:
D:3 (

Annotations:
D:3 1 transporter, Shym's ghost, amateur OpTm
D:7 3 runed translucent doors, Phaedo's ghost, novice MeCA


Innate Abilities, Weirdness & Mutations

You passively map a small area around you.
You are easily found by Zot.
You glow in the dark.
You regain HP and MP as you explore.


Message History

The gnoll bouda gazes fiercely through you!
You feel as though you will be weak longer.
The gnoll hits you with a +0 flail. The gnoll bouda barely misses you.
The sky beast flickers out of sight!
Deactivating autopickup; reactivate with Ctrl-A.
Casting: Frozen Ramparts (safe; 1% risk of failure)
Confirm with . or Enter, or press ? or * to list all spells.
A film of ice covers your body! The gnoll hits you with a +0 flail.
Something hits you but does no damage.
The gnoll bouda hits you with a +0 whip!
* * * LOW HITPOINT WARNING * * *
Unknown command.
Unknown command.
Casting: Ozocubu's Armour (safe; 1% risk of failure)
Confirm with . or Enter, or press ? or * to list all spells.
Casting: Frozen Ramparts (safe; 1% risk of failure)
Press: ? - help, Dir - look around, f - activate The walls around you are covered in ice.
The wall freezes the gnoll!
The gnoll hits you with a +0 flail.
* * * LOW HITPOINT WARNING * * *
The wall freezes something.
Something hits you but does no damage.
The gnoll bouda barks out a call to the hunt!
The gnoll picks up the pace!
The gnoll hits you but does no damage.
Unknown command.
Unknown command.
Unknown command.
Unknown command.
Casting: Frozen Ramparts (safe; 1% risk of failure)
Confirm with . or Enter, or press ? or * to list all spells.
The spell is quite dangerous to miscast (22% risk of failure)!
Continue anyway?
A chill wind blows around you.
The wall freezes the gnoll.
The gnoll hits you with a +0 flail.
* * * LOW HITPOINT WARNING * * *
The wall freezes something.
Something hits you.
* * * LOW HITPOINT WARNING * * *
Something shocks you.
* * * LOW HITPOINT WARNING * * *
The gnoll bouda hits you with a +0 whip!
You die...

, #####.# #.....# *
#.....# , #.....# , *
#.....# #* #.....##..
########{Y......#
#......@g........ ,
#.8....g8g....>.. ,
#............~~.. ,
#...>............ ,
#................
#................. ,
#.................,
#..8.....8....$.....
..
#...................,
,..


You could see a gnoll bouda, 2 gnolls and a friendly ice beast (summoned).

Vanquished Creatures
  A steam dragon (D:7)
  A scorpion (D:7)
  A howler monkey (D:5)
  3 hounds
  A jelly (D:7)
  2 orc priests (D:7)
  A sleepcap (D:7)
  An orc wizard (D:7)
  4 gnolls (D:3)
  A shadow imp (D:7)
  A white imp (D:7)
  An ufetubus (D:4)
  A dart slug (D:1)
  6 orcs
  A bat (D:1)
  3 endoplasms (D:3)
  2 goblins
  3 hobgoblins
  3 jackals (D:1)
  A quokka (D:5)
  2 ball pythons
  4 frilled lizards
  A rat (D:1)
45 creatures vanquished.

Notes
Turn   | Place    | Note
-------+----------+-------------------------------------------
     0 | D:1      | redmage the Meteoran Ice Elementalist began the quest for
                  | the Orb.
     0 | D:1      | Reached XP level 1. HP: 14/14 MP: 5/5
    24 | D:1      | Reached XP level 2. HP: 20/20 MP: 1/6
    72 | D:3      | Noticed a necrophage
    90 | D:3      | Found a burning altar of Makhleb.
   147 | D:3      | Reached XP level 3. HP: 22/26 MP: 5/8
   156 | D:3      | Found Misebyt's Weapon Shoppe.
   167 | D:3      | Learned a level 3 spell: Frozen Ramparts
   171 | D:3      | Learned a level 3 spell: Ozocubu's Armour
   180 | D:3      | Found a transporter.
   181 | D:3      | Noticed Shym's ghost (amateur OpTm)
   195 | D:3      | Reached skill level 5 in Ice Magic
   202 | D:3      | Reached XP level 4. HP: 22/33 MP: 0/10
   296 | D:5      | Entered Level 5 of the Dungeon
   390 | D:1      | You fall into a shaft and drop 1 floor!
   425 | D:2      | Learned a level 2 spell: Blink
   449 | D:4      | Reached skill level 6 in Ice Magic
   449 | D:4      | Reached XP level 5. HP: 34/38 MP: 5/12
   583 | D:5      | Found a staircase to the Ecumenical Temple.
   598 | D:5      | Reached XP level 6. HP: 44/45 MP: 7/13
   610 | Temple   | Entered the Ecumenical Temple
   646 | Temple   | Became a worshipper of Cheibriados the Contemplative
   714 | D:7      | Found a runed translucent gate.
   714 | D:7      | Found a runed translucent gate.
   714 | D:7      | Found a runed translucent gate.
   718 | D:7      | Noticed Phaedo's ghost (novice MeCA)
   740 | D:7      | Noticed a steam dragon
   749 | D:7      | Killed a steam dragon
   750 | D:7      | Reached skill level 5 in Spellcasting
   750 | D:7      | Reached skill level 7 in Ice Magic
   750 | D:7      | Reached XP level 7. HP: 28/50 MP: 6/15
   839 | D:7      | Learned a level 4 spell: Summon Ice Beast
   874 | D:7      | Reached skill level 1 in Summonings
   883 | D:7      | Reached skill level 1 in Invocations
   896 | D:7      | Reached skill level 1 in Unarmed Combat
   896 | D:7      | Reached skill level 1 in Translocations
   921 | D:6      | HP: 2/50 [something (5)]
   921 | D:6      | Slain by a gnoll bouda

Illustrated notes

Levels and vault maps discovered:
D:1:      scummos_arrival_hexagon, layout_basic, minivault_11, minmay_bisected
D:2:      layout_basic, basic_altar, uniq_terence, uniq_jessica, uniq_natasha
D:3:      layout_rooms, bloody_makhleb, gammafunk_ghost_mausoleum, serial_shops,
          nicolae_shop_bloodbath_and_beyond, chequers_serial_rivers_micro_b,
          kennysheep_generic_room_4
D:4:      nicolae_cairo_tiling_very_big, layout_basic, st_stairs_9,
          supply_closet_lemuel, uniq_sigmund
D:5:      layout_basic, nicolae_wu_jian_immortal_techniques,
          minmay_temple_entry_trees
D:6:      layout_rooms, st_stairs_1, uniq_edmund
D:7:      layout_basic, gammafunk_ghost_split, uniq_crazy_yiuf_cottage
Temple:   bh_familiar_temple

Skill      XL: |  1  2  3  4  5  6  7 |
---------------+----------------------+-----
Spellcasting   | 3 4 5 |  5.5
Ice Magic      | 5 6 7 |  7.6
Summonings     | 1 |  1.7
Invocations    | 1 |  1.1
Unarmed Combat | 1 |  1.0
Translocations | 1 |  1.0
Dodging        | |  2.5
Stealth        | |  1.4

Action                     |  1- 3 |  4- 6 |  7- 9 || total
---------------------------+-------+-------+-------++-------
  Melee: Unarmed           |     1 |       |       ||     1
         Halberd           |       |     5 |    15 ||    20
         Dagger            |       |       |     8 ||     8
  Throw: Boomerang         |       |       |     2 ||     2
   Cast: Freeze            |    25 |    16 |     5 ||    46
         Frozen Ramparts   |     1 |     7 |     7 ||    15
         Ozocubu's Armour  |     1 |     3 |     6 ||    10
         Summon Ice Beast  |       |       |     1 ||     1
    Use: Scroll            |       |     4 |       ||     4
 Armour: Robe              |     5 |     8 |     4 ||    17
         Leather armour    |       |       |    16 ||    16
  Dodge: Dodged            |     9 |    15 |    21 ||    45
